 Dungeon Crawl Stone Soup version 0.28.0-53-g5a82cb258f (webtiles) character file.

Game seed: 7134410685802902521

35 protoss039 the Digger (level 3, 19/26 HPs)
             Began as a Demonspawn Earth Elementalist on June 1, 2022.
             Got out of the dungeon alive.
             The game lasted 00:01:44 (1955 turns).

protoss039 the Digger (DsEE)                        Turns: 1955, Time: 00:01:45

Health: 19/26      AC:  3    Str:  8    XL:     3   Next: 16%
Magic:  6/6        EV: 12    Int: 18    God:
Gold:   58         SH:  0    Dex: 13    Spells: 3/6 levels left

rFire   . . .      SeeInvis .   f - +0 spear
rCold   . . .      Faith    .   (no shield)
rNeg    . . .      Spirit   .   b - +0 robe
rPois   .          Reflect  .   (no helmet)
rElec   .          Harm     .   (no cloak)
rCorr   .          Rampage  .   (no gloves)
Will    .....                   k - +0 pair of boots
Stlth   ++........              (no amulet)
HPRegen 0.08/turn               (no ring)
MPRegen 0.10/turn               (no ring)

@: no status effects
A: hooves 1, powered by pain 1
a: no special abilities


You escaped.
You visited 1 branch of the dungeon, and saw 2 of its levels.

You collected 58 gold pieces.

Inventory:

Hand Weapons
 e - a +0 dagger
 f - a +0 spear (weapon)
Missiles
 c - 71 stones
Armour
 b - a +0 robe (worn)
 k - a +0 pair of boots (worn)
Scrolls
 d - a scroll of identify {unknown}
 g - a scroll of enchant weapon {unknown}
 i - a scroll of summoning {unknown}
 j - a scroll of fog {unknown}
 l - a scroll of immolation {unknown}
 m - a scroll of teleportation {unknown}
Potions
 a - a potion of might {unknown}
 h - a potion of degeneration {unknown}


   Skills:
 * Level 1.6 Fighting
 + Level 0.9 Armour
 - Level 1.7 Dodging
 - Level 1.7 Stealth
 + Level 2.3 Spellcasting
 - Level 1.0 Transmutations
 + Level 3.0 Earth Magic


You had 3 spell levels left.
You knew the following spells:

 Your Spells              Type           Power      Damage    Failure   Level
a - Sandblast             Erth           24%        2d8       5%          1
b - Passwall              Tmut/Erth      7%         N/A       12%         2

Your spell library contained the following spells:

 Spells                   Type           Power      Damage    Failure   Level
 Stone Arrow              Conj/Erth      14%        3d7       28%         3
 Petrify                  Tmut/Erth      9%         N/A       61%         4


Dungeon Overview and Level Annotations

Branches:
Dungeon (2/15)

Altars:


Innate Abilities, Weirdness & Mutations

You have large cloven feet.
You sometimes gain a little power by taking damage.


Message History

You kill the kobold!
The kobold hits you but does no damage.
A kobold is nearby!
You barely miss the kobold.
The kobold hits you with a +0 short sword.
Unknown command.
You hit the kobold but do no damage.
The kobold hits you with a +0 short sword.
Unknown command.
You closely miss the kobold. The kobold closely misses you.
Unknown command.
You barely miss the kobold.
The kobold hits you with a +0 short sword.
The kobold barely misses you.
Unknown command.
You barely miss the kobold.
The kobold hits you with a +0 short sword.
Unknown command.
Unknown command.
You hit the kobold but do no damage.
The kobold hits you with a +0 short sword.
You hit the kobold.
The kobold is severely wounded.
The kobold hits you but does no damage.
Unknown command.
You hit the kobold.
You kill the kobold!
Your Earth Magic skill increases to level 3!
Unknown command.
No target in view!
Unknown command.
No target in view!
Unknown command.
Unknown command.
There is a stone staircase leading up here.
You climb upwards.
There is a stone staircase leading down here.
There is a staircase leading out of the dungeon here.
Are you sure you want to leave the Dungeon?
This will make you lose the game!
You have escaped!

...####
#8.....8####.....####
......#
##.....##...........#
#####.#
#.....##...##..###.# #.##
###.....####..#.## #..
### #..#
#.........#...#..# ###
..# ##.##
##.........###.##.# # ..#
#..# #...........##....#
# ..#
#..###...........###..##
# ..#
#..8.......@.......8..#
..#
#..###...........###.####
..# ####
#...........#......# ..#
##.........##.####.# ..#
#..8...8..##.####.####
..#
###.....####....#.....
..# ###.###....##.######
..# ###### #.# #...)...#
..# #....# ##8######.##.#


There were no monsters in sight!

Vanquished Creatures
  3 dart slugs (D:1)
  2 ball pythons (D:1)
  A bat (D:1)
  3 endoplasms
  A giant cockroach (D:2)
  3 hobgoblins
  2 quokkas (D:1)
  A frilled lizard (D:1)
  3 goblins (D:1)
  4 kobolds
  2 rats (D:1)
25 creatures vanquished.

Notes
Turn   | Place    | Note
-------+----------+-------------------------------------------
     0 | D:1      | protoss039 the Demonspawn Earth Elementalist began the
                  | quest for the Orb.
     0 | D:1      | Reached XP level 1. HP: 13/13 MP: 3/3
   279 | D:1      | Reached skill level 1 in Transmutations
   609 | D:1      | Reached skill level 1 in Fighting
   609 | D:1      | Gained mutation: You sometimes gain a little power by
                  | taking damage. [demonic ancestry]
   609 | D:1      | Reached XP level 2. HP: 17/21 MP: 5/5
  1016 | D:1      | Learned a level 2 spell: Passwall
  1168 | D:1      | Found a faded altar of an unknown god.
  1784 | D:2      | Gained mutation: You have large cloven feet. [demonic
                  | ancestry]
  1784 | D:2      | Reached XP level 3. HP: 23/26 MP: 6/6
  1904 | D:2      | Reached skill level 3 in Earth Magic
  1955 | D:$      | Got out of the dungeon alive.

Illustrated notes

Levels and vault maps discovered:
D:1:      psy_arrival_heroes, layout_basic, basic_ecumenical_altar
D:2:      minmay_alternating_diamond, layout_loops_cross

Skill      XL: |  1  2  3 |
---------------+----------+-----
Transmutations | 1 |  1.0
Fighting       | 1 |  1.6
Earth Magic    | 3 |  3.0
Armour         | |  0.9
Dodging        | |  1.7
Stealth        | |  1.7
Spellcasting   | |  2.3

Action                   || total
-------------------------++-------
Melee: Whip              ||    16
       Unarmed           ||     2
       Spear             ||    59
 Cast: Sandblast         ||    12
 Stab: Sleeping          ||     2
Armor: Robe              ||    17
Dodge: Dodged            ||    38
